Map: Ley Lines

Players

KimChiLoVer - Winner!

  • Race: Terran Terran
  • League: Diamond
  • Spawn Location: 1:00

VOD

Have the link to the VOD?

Description

Time

  • Played on: Aug. 29, 2025, 9:44 a.m.
  • Length: 10:13
Show
View Real Time Build Order
Export as new Build Order

KimChiLoVer Terran - Winner!

Build Orders: Reaper Expand 

Get SALT Encoding   

  12  0:02  SCV  
  12  0:14  SCV  
  12  0:18  Supply Depot  
  12  0:26  SCV  
  12  0:39  SCV  
  12  0:41  Barracks  
  12  0:44  Refinery  
  12  0:51  SCV  
  12  1:04  SCV  
  12  1:16  SCV  
  12  1:29  Reaper  
  12  1:30  Orbital Command  
  12  1:39  Command Center  
  12  1:50  Supply Depot  
  12  1:56  SCV  
  12  2:01  Marine  
  12  2:06  Factory  
  12  2:10  Refinery  
  12  2:11  SCV  
  12  2:23  SCV, Barracks Reactor  
  12  2:34  Barracks  
  12  2:36  SCV  
  12  2:39  Barracks  
  12  2:48  SCV  
  12  2:52  Orbital Command  
  12  2:55  Factory Tech Lab  
  12  3:01  SCV, Marine  
  12  3:03  Marine  
  12  3:15  SCV  
  12  3:20  SCV  
  12  3:29  Command Center  
  12  3:31  SCV  
  12  3:33  SCV  
  12  3:35  Stimpack  
  12  3:38  Marine  
  12  3:41  Marine  
  12  3:43  SCV  
  12  3:49  Starport  
  12  3:50  Factory Reactor  
  12  3:54  Marine x2  
  12  3:57  SCV  
  12  3:59  SCV  
  12  4:08  Engineering Bay  
  12  4:09  Engineering Bay  
  12  4:10  SCV  
  12  4:11  SCV  
  12  4:12  Marine  
  12  4:22  SCV  
  12  4:24  Marine x2  
  12  4:38  Factory Tech Lab  
  12  4:40  Medivac x2  
  12  4:41  Terran Infantry Armor Level 1, SCV x2, Terran Infantry Weapons Level 1  
  12  4:43  Orbital Command  
  12  4:52  Marine x2  
  12  4:53  SCV x2  
  12  4:57  Supply Depot  
  12  5:00  Refinery  
  12  5:01  Supply Depot, Marine  
  12  5:05  Siege Tank  
  12  5:06  SCV  
  12  5:16  Supply Depot  
  12  5:19  Combat Shield, SCV x3  
  12  5:25  Refinery, Supply Depot  
  12  5:31  SCV  
  12  5:34  Armory, SCV  
  12  5:37  SCV  
  12  5:43  SCV  
  12  5:46  Orbital Command  
  12  5:47  Barracks, Marine x4  
  12  5:48  Medivac  
  12  5:50  Barracks  
  12  5:52  SCV  
  12  6:00  Siege Tank, Supply Depot  
  12  6:15  SCV  
  12  6:18  Supply Depot  
  12  6:20  Medivac  
  12  6:21  Barracks Tech Lab  
  12  6:22  Marine x3  
  12  6:27  Terran Vehicle And Ship Armor Level 1, SCV  
  12  6:29  Barracks  
  12  6:31  SCV x2  
  12  6:36  Barracks Tech Lab, Refinery  
  12  6:38  Barracks Reactor  
  12  6:46  Marine x2  
  12  6:47  Concussive Shells, Marauder x2  
  12  6:49  Siege Tank  
  12  6:53  SCV x3  
  12  6:54  Marine  
  12  6:57  Medivac  
  12  7:04  Marine x2  
  12  7:07  Supply Depot, Marine  
  12  7:08  Marine  
  12  7:09  Supply Depot  
  12  7:13  Marauder  
  12  7:15  Marine  
  12  7:17  Command Center  
  12  7:18  Barracks Reactor  
  12  7:22  Supply Depot  
  12  7:24  Supply Depot  
  12  7:26  Terran Infantry Weapons Level 2, Medivac, Marine x5  
  12  7:31  Terran Infantry Armor Level 2  
  12  7:37  Supply Depot  
  12  7:40  Refinery  
  12  7:42  Supply Depot  
  12  7:45  SCV  
  12  7:46  SCV x2  
  12  7:51  Marine  
  12  7:52  Marauder, Marine x3  
  12  7:56  Marauder, Marine  
  12  7:57  SCV  
  12  7:58  SCV x2  
  12  8:04  Starport  
  12  8:09  SCV  
  12  8:10  SCV  
  12  8:12  Barracks  
  12  8:13  Barracks  
  12  8:16  SCV  
  12  8:21  SCV  
  12  8:22  SCV  
  12  8:23  Missile Turret  
  12  8:24  Supply Depot  
  12  8:25  Medivac  
  12  8:26  Supply Depot  
  12  8:28  SCV  
  12  8:31  Marine  
  12  8:32  Marauder x2, Marine  
  12  8:33  SCV  
  12  8:37  Marauder, Marine  
  12  8:41  Planetary Fortress  
  12  8:43  Missile Turret  
  12  8:53  Marauder  
  12  8:55  SCV  
  12  8:56  SCV x2  
  12  8:59  Supply Depot  
  12  9:00  Supply Depot  
  12  9:02  Marauder, Marine x2  
  12  9:03  Marauder  
  12  9:04  Barracks Reactor  
  12  9:05  Barracks Tech Lab  
  12  9:06  Medivac x2, Starport Reactor  
  12  9:08  SCV  
  12  9:13  Marine x4  
  12  9:14  Marauder  
  12  9:20  Marine  
  12  9:23  Marine  
  12  9:24  Marauder x3  
  12  9:31  Marine x3  
  12  9:34  Command Center  
  12  9:38  Marauder, Marine x2  
  12  9:41  Marine  
  12  9:45  Marauder, Marine x2  
Tags
 
Add a new tag
Caveats
  • Supply blocks, unpowered buildings, or Contaminate may cause inaccurate times.
  • Supply counts are checked every 10 seconds.